 Dungeon Crawl Stone Soup version 0.29-a0-416-g83a48905f1 (webtiles) character file.

Game seed: 14105802025757658977

940 garrulousMonolith the Shield-Bearer (level 8, -2/67 HPs)
             Began as a Gnoll Fighter on May 17, 2022.
             Slain by a gnoll sergeant
             ... wielding a +3 spear of venom
              (6 damage)
             ... on level 5 of the Dungeon.
             The game lasted 00:04:38 (4466 turns).

garrulousMonolith the Shield-Bearer (Gnoll Fighter) Turns: 4466, Time: 00:04:38

Health: -2/67      AC: 14    Str: 16    XL:     8   Next: 12%
Magic:  12/12      EV:  5    Int: 10    God:
Gold:   271        SH:  5    Dex: 11    Spells: 13/13 levels left

rFire   . . .      SeeInvis .   z - +4 war axe
rCold   . . .      Faith    .   c - +0 buckler
rNeg    . . .      Spirit   .   n - +0 plate armour
rPois   .          Reflect  .   (no helmet)
rElec   .          Harm     .   (no cloak)
rCorr   .          Rampage  .   o - +0 pair of gloves
Will    .....                   (no boots)
Stlth   ..........              x - amulet of magic regeneration
HPRegen 0.21/turn               i - ring of flight
MPRegen 0.53/turn               (no ring)

@: lethally poisoned (-2 -> -12), flying
A: fangs 1, strong nose, distributed training
a: no special abilities


You were on level 5 of the Dungeon.
You visited 1 branch of the dungeon, and saw 5 of its levels.

You collected 271 gold pieces.

Inventory:

Hand Weapons
 a - a +0 long sword
 g - a +0 whip of venom
 z - a +4 war axe (weapon)
Armour
 b - a +0 scale mail
 c - a +0 buckler (worn)
 n - a +0 plate armour (worn)
 o - a +0 pair of gloves (worn)
Magical Staves
 u - a staff of earth
Jewellery
 i - a ring of flight (left hand)
 x - an amulet of magic regeneration (around neck)
Wands
 t - a wand of paralysis (17) (quivered)
Scrolls
 e - a scroll of identify
 h - a scroll of magic mapping
 j - a scroll of noise {unknown}
 k - a scroll of brand weapon {unknown}
 l - a scroll of acquirement {unknown}
 m - a scroll of enchant weapon {unknown}
 v - a scroll of immolation {unknown}
 y - 3 scrolls of enchant armour {unknown}
Potions
 d - a potion of might
 f - 2 potions of brilliance
 p - 2 potions of cancellation
 q - 2 potions of magic
 s - a potion of invisibility


   Skills:
 + Level 7.2 Fighting
 + Level 3.0 Short Blades
 + Level 5.5 Long Blades
 + Level 3.0 Axes
 + Level 3.0 Maces & Flails
 + Level 3.0 Polearms
 + Level 3.0 Staves
 + Level 3.0 Slings
 + Level 3.0 Bows
 + Level 3.0 Crossbows
 + Level 3.0 Throwing
 + Level 7.2 Armour
 + Level 3.0 Dodging
 + Level 3.0 Stealth
 + Level 7.2 Shields
 + Level 3.0 Unarmed Combat
 + Level 3.0 Spellcasting
 + Level 2.4 Conjurations
 + Level 2.4 Hexes
 + Level 2.4 Summonings
 + Level 2.4 Necromancy
 + Level 2.4 Translocations
 + Level 2.4 Transmutations
 + Level 2.4 Fire Magic
 + Level 2.4 Ice Magic
 + Level 2.4 Air Magic
 + Level 2.4 Earth Magic
 + Level 2.4 Poison Magic
 + Level 3.3 Invocations
 + Level 3.0 Evocations


You had 13 spell levels left.
You didn't know any spells.
Your spell library contained the following spells:

 Spells                   Type           Power      Damage    Failure   Level
 Slow                     Hex            24%        N/A       99%         1
 Confusing Touch          Hex            6%         N/A       100%        3
 Vampiric Draining        Necr           6%         2d6       100%        3
 Animate Dead             Necr           3%         N/A       100%        4
 Borgnjor's Vile Clutch   Necr/Erth      3%         N/A       100%        5
 Fireball                 Conj/Fire      3%         3d4       100%        5
 Death Channel            Necr           3%         N/A       100%        6
 Starburst                Conj/Fire      3%         6d3       100%        6
 Ignition                 Fire           3%         3d4       100%        8


Dungeon Overview and Level Annotations

Branches:
Dungeon (5/15)
 Temple: D:4-7

Altars:


Innate Abilities, Weirdness & Mutations

You have very sharp teeth.
Your uncanny sense of smell can sniff out nearby items.
Your experience applies equally to all skills.


Message History

* * * LOW HITPOINT WARNING * * *
The gnoll completely misses you.
The gnoll hits you from afar with a +0 spear.
* * * LOW HITPOINT WARNING * * *
You slash the gnoll!
You kill the gnoll!
You closely miss the gnoll. You hit the gnoll.
The gnoll throws a throwing net.
The throwing net barely misses you. You block the gnoll's attack.
The gnoll hits you with a +0 flail.
* * * LOW HITPOINT WARNING * * *
You feel much better. You block the gnoll's attack.
The gnoll hits you but does no damage.
The gnoll sergeant hits you from afar with a +3 spear of venom.
You are poisoned.
The gnoll hits you but does no damage.
Okay, then.
You hit the gnoll.
The gnoll is severely wounded.
You hit the gnoll.
You feel very sick.
The gnoll sergeant hits you but does no damage.
The gnoll hits you from afar with a +0 spear.
* * * LOW HITPOINT WARNING * * *
The gnoll barely misses you. The gnoll hits you with a +0 flail!
* * * LOW HITPOINT WARNING * * *
You slash the gnoll!
You kill the gnoll!
You barely miss the gnoll.
You feel sick.
The gnoll hits you but does no damage. x2
You block the gnoll sergeant's attack.
The gnoll hits you but does no damage. x2
The gnoll sergeant hits you but does no damage.
You are lethally poisoned!
Drinking this now will have no effect.
It was a potion of flight.
You feel more buoyant.
* * * LOW HITPOINT WARNING * * *
You feel very sick. The gnoll barely misses you.
The gnoll sergeant hits you from afar with a +3 spear of venom.
You die...

## #.#........
.#........#.#........
.........#.#........
#........##..................#
#<#.......#.......##........(#
#.........#..................#
#.........#.gg........รท.......
#...........g))........$......
#.#..........@................
#........###..####....##...###
#........# ##..###.....#..g###
#...<.o..# #...##..#..##)))..
#.........# #...)...#...)..#.#
#.......#o.# ##.#.......###)gg.
.........###.# #.).......#
#.... .........#
#....#.).......# #....
.........# .....|.[.......#
##...


You could see a gnoll sergeant and 2 gnolls.

Vanquished Creatures
  A water moccasin (D:3)
  An orc warrior (D:5)
  A black bear (D:4)
  An ogre (D:5)
  3 scorpions
  2 howler monkeys (D:4)
  A jelly (D:2)
  A hound (D:5)
  An orc priest (D:5)
  An iguana (D:5)
  Terence (D:3)
  5 gnolls
  4 adders
  2 worms (D:2)
  A dart slug (D:4)
  15 orcs
  2 endoplasms (D:4)
  4 giant cockroaches
  6 goblins
  8 hobgoblins
  A jackal (D:1)
  2 quokkas (D:1)
  8 ball pythons
  4 bats
  4 frilled lizards
  7 kobolds
  4 rats
91 creatures vanquished.

Notes
Turn   | Place    | Note
-------+----------+-------------------------------------------
     0 | D:1      | garrulousMonolith the Gnoll Fighter began the quest for the
                  | Orb.
     0 | D:1      | Reached XP level 1. HP: 23/23 MP: 1/1
    81 | D:1      | Found a faded altar of an unknown god.
   185 | D:1      | Reached XP level 2. HP: 26/29 MP: 2/2
   727 | D:1      | Reached XP level 3. HP: 35/35 MP: 3/3
  1108 | D:2      | Reached skill level 1 in Invocations
  1446 | D:2      | Reached skill level 1 in Short Blades
  1446 | D:2      | Reached skill level 1 in Axes
  1446 | D:2      | Reached skill level 1 in Maces & Flails
  1446 | D:2      | Reached skill level 1 in Polearms
  1446 | D:2      | Reached skill level 1 in Staves
  1446 | D:2      | Reached skill level 1 in Slings
  1446 | D:2      | Reached skill level 1 in Bows
  1446 | D:2      | Reached skill level 1 in Crossbows
  1446 | D:2      | Reached skill level 1 in Throwing
  1446 | D:2      | Reached skill level 1 in Dodging
  1446 | D:2      | Reached skill level 1 in Stealth
  1446 | D:2      | Reached skill level 1 in Unarmed Combat
  1446 | D:2      | Reached skill level 1 in Spellcasting
  1446 | D:2      | Reached skill level 1 in Evocations
  1540 | D:2      | Reached XP level 4. HP: 26/41 MP: 5/5
  1863 | D:3      | Noticed a water moccasin
  1879 | D:3      | Killed a water moccasin
  1880 | D:3      | Reached skill level 1 in Conjurations
  1880 | D:3      | Reached skill level 1 in Hexes
  1880 | D:3      | Reached skill level 1 in Summonings
  1880 | D:3      | Reached skill level 1 in Necromancy
  1880 | D:3      | Reached skill level 1 in Translocations
  1880 | D:3      | Reached skill level 1 in Transmutations
  1880 | D:3      | Reached skill level 1 in Fire Magic
  1880 | D:3      | Reached skill level 1 in Ice Magic
  1880 | D:3      | Reached skill level 1 in Air Magic
  1880 | D:3      | Reached skill level 1 in Earth Magic
  1880 | D:3      | Reached skill level 1 in Poison Magic
  1880 | D:3      | Reached XP level 5. HP: 28/47 MP: 5/7
  2402 | D:3      | Noticed Terence
  2408 | D:3      | Killed Terence
  2409 | D:3      | Reached XP level 6. HP: 48/53 MP: 8/8
  3047 | D:4      | Reached skill level 5 in Long Blades
  3569 | D:5      | Entered Level 5 of the Dungeon
  3574 | D:5      | Noticed an orc warrior
  3577 | D:5      | Reached XP level 7. HP: 56/59 MP: 10/10
  4070 | D:5      | HP: 3/60 [gnoll sergeant/iceblast (16)]
  4412 | D:5      | Reached XP level 8. HP: 38/67 MP: 12/12
  4466 | D:5      | Slain by a gnoll sergeant

Illustrated notes

Levels and vault maps discovered:
D:1:      nzn_arrival_settlement, layout_loops_ring,
          chequers_ecumenical_altar_simple, minmay_liquid_box,
          serial_bayou_pond_b
D:2:      layout_basic, item_on_display_a
D:3:      layout_loops_ring, kennysheep_boxes, uniq_terence
D:4:      layout_basic, hangedman_decor_push
D:5:      layout_rooms, minmay_misc_feat_hallway

Skill      XL: |  1  2  3  4  5  6  7 |
---------------+----------------------+-----
Invocations    | 1 2 3 |  3.3
Short Blades   | 1 2 3 |  3.0
Axes           | 1 2 3 |  3.0
Maces & Flails | 1 2 3 |  3.0
Polearms       | 1 2 3 |  3.0
Staves         | 1 2 3 |  3.0
Slings         | 1 2 3 |  3.0
Bows           | 1 2 3 |  3.0
Crossbows      | 1 2 3 |  3.0
Throwing       | 1 2 3 |  3.0
Dodging        | 1 2 3 |  3.0
Stealth        | 1 2 3 |  3.0
Unarmed Combat | 1 2 3 |  3.0
Spellcasting   | 1 2 3 |  3.0
Evocations     | 1 2 3 |  3.0
Conjurations   | 1 2 |  2.4
Hexes          | 1 2 |  2.4
Summonings     | 1 2 |  2.4
Necromancy     | 1 2 |  2.4
Translocations | 1 2 |  2.4
Transmutations | 1 2 |  2.4
Fire Magic     | 1 2 |  2.4
Ice Magic      | 1 2 |  2.4
Air Magic      | 1 2 |  2.4
Earth Magic    | 1 2 |  2.4
Poison Magic   | 1 2 |  2.4
Long Blades    | 5 |  5.5
Fighting       | 7 |  7.2
Armour         | 7 |  7.2
Shields        | 7 |  7.2

Action                   |  1- 3 |  4- 6 |  7- 9 || total
-------------------------+-------+-------+-------++-------
Melee: Long sword        |    56 |       |       ||    56
       Bite              |    10 |    12 |    13 ||    35
       Whip              |    49 |   116 |    89 ||   254
       War axe           |       |       |    16 ||    16
Evoke: Wand              |       |       |     1 ||     1
  Use: Scroll            |       |     6 |       ||     6
       Potion            |       |     2 |     3 ||     5
 Stab: Paralysed         |       |       |     4 ||     4
Armor: Scale mail        |    32 |       |       ||    32
       Plate armour      |     3 |    63 |    74 ||   140
Dodge: Dodged            |    55 |    24 |    32 ||   111
Block: Buckler           |    19 |    45 |    36 ||   100

Table legend: (Time is in decaauts)
 A = Elapsed time spent in this place.
 B = Non-inter-level travel time spent in this place.
 C = Inter-level travel time spent in this place.
 D = Time resting spent in this place.
 E = Time spent auto-exploring this place.
 F = Levels seen in this place.
 G = Mean time per level.
                   A        B        C        D        E       F      G
               +--------+--------+--------+--------+--------+-----+--------+
         Total |   4502 |   4245 |    257 |   1003 |   2481 |   5 |  900.4 |
       Dungeon |   4502 |   4245 |    257 |   1003 |   2481 |   5 |  900.4 |
               +--------+--------+--------+--------+--------+-----+--------+

Top non-repeatable levels by time:
     D:4: 1130 daAuts
     D:3: 1050 daAuts
     D:2: 989 daAuts
     D:1: 882 daAuts
     D:5: 450 daAuts
